[ AOE2 MATCH · #505200890 ]
UnrankedSpanish vs Aztecs
Player's team · LOSS
Rival team · WIN
[ REPLAY ANALYSIS · EXTRACTED FROM THE RECORDED GAME ]
Feudal
19:08
Castle
24:29
Imperial
—
| APM avg | 71.8 |
| APM peak | 124 |
| eAPM avg | 37.3 |
| Villagers / military | 73 / 12 |
Focus
⚔️ 31.4% · 🌾 68.6%
Knight ×6 · Scout Cavalry ×6
Feudal
17:26
Castle
25:37
Imperial
—
| APM avg | 36.0 |
| APM peak | 56 |
| eAPM avg | 24.9 |
| Villagers / military | 65 / 24 |
Focus
⚔️ 37.2% · 🌾 62.8%
Archer ×17 · Spearman ×6 · Monk ×1
Match map
Initial resources + every placement click. Lines = walls · curves = elevation contours. ◆ gold · ⬟ stone · ● berries · ✦ relic · ◌ wall gap
Your base· ✓ Closed at 24:29 · 31t walls · no gate
Savage's base· ✓ Closed at 25:37 · 18t walls · no gate
Smoothed initial terrain · ◌ = detected wall gap · hover for details
Inputs per minute
— Macuahuitil_MX - - Savage
Build order — Macuahuitil_MX
First 150 of 164 actions detected
| 0:00 | Create | Villager (Male) |
| 0:01 | Create | Villager (Male) |
| 0:01 | Create | Villager (Male) |
| 0:02 | Build | House |
| 0:03 | Build | House |
| 0:05 | Build | House |
| 0:09 | Create | Villager (Male) |
| 0:48 | Research | Loom |
| 0:49 | Create | Villager (Male) |
| 0:49 | Create | Villager (Male) |
| 1:36 | Create | Villager (Male) |
| 2:08 | Create | Villager (Male) |
| 2:48 | Build | House |
| 2:54 | Create | Villager (Male) |
| 3:00 | Build | House |
| 3:20 | Build | House |
| 3:41 | Create | Villager (Male) |
| 4:27 | Create | Villager (Male) |
| 4:44 | Build | Palisade Wall |
| 5:08 | Create | Villager (Male) |
| 5:24 | Build | House |
| 5:41 | Create | Villager (Male) |
| 6:13 | Create | Villager (Male) |
| 6:13 | Create | Villager (Male) |
| 6:29 | Create | Villager (Male) |
| 6:29 | Create | Villager (Male) |
| 7:01 | Create | Villager (Male) |
| 7:28 | Create | Villager (Male) |
| 7:59 | Create | Villager (Male) |
| 7:59 | Create | Villager (Male) |
| 8:21 | Create | Villager (Male) |
| 8:21 | Create | Villager (Male) |
| 8:55 | Build | House |
| 9:51 | Create | Villager (Male) |
| 9:51 | Create | Villager (Male) |
| 9:51 | Create | Villager (Male) |
| 9:52 | Create | Villager (Male) |
| 9:52 | Create | Villager (Male) |
| 9:54 | Create | Villager (Male) |
| 10:05 | Build | Lumber Camp |
| 10:41 | Create | Villager (Male) |
| 10:41 | Create | Villager (Male) |
| 11:08 | Build | Mill |
| 11:24 | Create | Villager (Male) |
| 11:24 | Create | Villager (Male) |
| 11:40 | Build | House |
| 11:46 | Build | House |
| 12:14 | Create | Villager (Male) |
| 12:14 | Create | Villager (Male) |
| 12:26 | Build | House |
| 12:40 | Build | Farm |
| 12:42 | Create | Villager (Male) |
| 12:58 | Build | Palisade Wall |
| 13:01 | Build | Palisade Wall |
| 13:12 | Create | Villager (Male) |
| 13:30 | Create | Villager (Male) |
| 13:31 | Create | Villager (Male) |
| 13:33 | Create | Villager (Male) |
| 13:33 | Create | Villager (Male) |
| 14:04 | Create | Villager (Male) |
| 14:13 | Create | Villager (Male) |
| 14:37 | Build | Palisade Wall |
| 14:38 | Build | Palisade Wall |
| 14:43 | Create | Villager (Male) |
| 14:48 | Create | Villager (Male) |
| 14:48 | Create | Villager (Male) |
| 15:06 | Create | Villager (Male) |
| 15:11 | Build | Palisade Wall |
| 15:14 | Build | Palisade Wall |
| 15:15 | Build | Palisade Wall |
| 15:21 | Create | Villager (Male) |
| 15:21 | Create | Villager (Male) |
| 15:27 | Build | Farm |
| 15:30 | Create | Villager (Male) |
| 15:32 | Build | Palisade Wall |
| 15:33 | Create | Villager (Male) |
| 15:33 | Create | Villager (Male) |
| 15:43 | Create | Villager (Male) |
| 15:43 | Create | Villager (Male) |
| 15:55 | Create | Villager (Male) |
| 15:55 | Create | Villager (Male) |
| 16:17 | Create | Villager (Male) |
| 16:25 | Create | Villager (Male) |
| 16:25 | Create | Villager (Male) |
| 16:47 | Research | Feudal Age |
| 16:48 | Research | Feudal Age |
| 18:00 | Build | Palisade Wall |
| 18:04 | Build | Lumber Camp |
| 18:08 | Build | Farm |
| 18:08 | Build | Farm |
| 18:09 | Build | Farm |
| 18:09 | Build | Farm |
| 18:09 | Build | Farm |
| 18:10 | Build | Farm |
| 18:20 | Build | Palisade Wall |
| 18:31 | Build | Palisade Wall |
| 18:34 | Build | Palisade Wall |
| 18:36 | Build | Palisade Wall |
| 18:54 | Build | Palisade Wall |
| 18:57 | Create | Villager (Male) |
| 19:01 | Build | House |
| 19:03 | Build | Mining Camp |
| 19:06 | Build | Mining Camp |
| 19:08 | Age | Feudal Age |
| 19:11 | Build | Watch Tower |
| 19:21 | Create | Villager (Male) |
| 19:21 | Create | Villager (Male) |
| 19:53 | Build | Market |
| 19:58 | Build | Stone Wall |
| 20:15 | Build | Outpost |
| 20:22 | Create | Villager (Male) |
| 20:38 | Build | Stone Wall |
| 20:39 | Build | Stone Wall |
| 20:40 | Build | Stone Wall |
| 20:40 | Build | Stone Wall |
| 20:41 | Build | Stone Wall |
| 20:47 | Build | Stone Wall |
| 20:47 | Build | Palisade Wall |
| 20:49 | Build | Stone Wall |
| 20:51 | Create | Villager (Male) |
| 20:53 | Build | Stone Wall |
| 20:55 | Build | Stone Wall |
| 21:05 | Build | Blacksmith |
| 21:13 | Build | House |
| 21:14 | Create | Villager (Male) |
| 21:27 | Build | Farm |
| 21:49 | Research | Castle Age |
| 21:50 | Research | Castle Age |
| 21:56 | Build | Stone Wall |
| 22:16 | Build | Outpost |
| 22:44 | Build | Barracks |
| 22:49 | Research | Scale Barding Armor |
| 22:50 | Research | Double-Bit Axe |
| 22:53 | Research | Horse Collar |
| 22:57 | Build | Farm |
| 22:59 | Build | Farm |
| 23:10 | Create | Villager (Male) |
| 23:22 | Research | Gold Mining |
| 23:33 | Build | Stable |
| 23:47 | Build | Farm |
| 24:04 | Create | Scout Cavalry |
| 24:07 | Research | Bloodlines |
| 24:16 | Create | Villager (Male) |
| 24:24 | Create | Scout Cavalry |
| 24:29 | Age | Castle Age |
| 24:48 | Create | Knight |
| 25:03 | Create | Villager (Male) |
| 25:05 | Create | Knight |
| 25:12 | Build | Castle |
| 25:19 | Build | House |
Build order — Savage
149 actions detected in the replay
| 0:00 | Create | Villager (Male) |
| 0:01 | Create | Villager (Male) |
| 0:01 | Create | Villager (Male) |
| 0:02 | Build | House |
| 0:03 | Build | House |
| 0:11 | Research | Loom |
| 0:45 | Create | Villager (Male) |
| 0:45 | Create | Villager (Male) |
| 0:45 | Create | Villager (Male) |
| 1:50 | Create | Villager (Male) |
| 1:51 | Create | Villager (Male) |
| 2:02 | Build | Palisade Wall |
| 2:04 | Build | Palisade Wall |
| 2:31 | Create | Villager (Male) |
| 2:46 | Build | Palisade Wall |
| 3:25 | Create | Villager (Male) |
| 3:25 | Create | Villager (Male) |
| 3:54 | Create | Villager (Male) |
| 3:54 | Create | Villager (Male) |
| 4:02 | Create | Villager (Male) |
| 4:02 | Create | Villager (Male) |
| 4:50 | Create | Villager (Male) |
| 4:50 | Create | Villager (Male) |
| 4:50 | Create | Villager (Male) |
| 5:06 | Create | Villager (Male) |
| 5:07 | Create | Villager (Male) |
| 5:07 | Create | Villager (Male) |
| 5:47 | Create | Villager (Male) |
| 5:47 | Create | Villager (Male) |
| 6:15 | Create | Villager (Male) |
| 6:39 | Create | Villager (Male) |
| 6:40 | Create | Villager (Male) |
| 6:53 | Create | Villager (Male) |
| 7:06 | Build | House |
| 7:28 | Create | Villager (Male) |
| 7:28 | Create | Villager (Male) |
| 7:28 | Create | Villager (Male) |
| 7:53 | Create | Villager (Male) |
| 8:20 | Create | Villager (Male) |
| 8:57 | Build | House |
| 9:04 | Create | Villager (Male) |
| 9:33 | Create | Villager (Male) |
| 9:35 | Create | Villager (Male) |
| 9:35 | Create | Villager (Male) |
| 9:36 | Create | Villager (Male) |
| 9:36 | Create | Villager (Male) |
| 9:54 | Build | Lumber Camp |
| 10:52 | Create | Villager (Male) |
| 10:52 | Create | Villager (Male) |
| 11:14 | Build | Mill |
| 11:21 | Build | Palisade Wall |
| 11:37 | Create | Villager (Male) |
| 11:42 | Build | Mill |
| 11:59 | Build | House |
| 12:09 | Build | House |
| 12:22 | Create | Villager (Male) |
| 12:40 | Create | Villager (Male) |
| 12:40 | Create | Villager (Male) |
| 12:40 | Create | Villager (Male) |
| 12:45 | Build | House |
| 13:05 | Build | Palisade Gate |
| 13:35 | Create | Villager (Male) |
| 14:03 | Create | Villager (Male) |
| 14:51 | Create | Villager (Male) |
| 15:06 | Research | Feudal Age |
| 15:07 | Research | Feudal Age |
| 15:39 | Create | Villager (Male) |
| 15:44 | Build | House |
| 15:51 | Create | Villager (Male) |
| 16:26 | Create | Villager (Male) |
| 16:28 | Build | Lumber Camp |
| 16:59 | Build | Barracks |
| 17:26 | Age | Feudal Age |
| 18:03 | Research | Double-Bit Axe |
| 18:03 | Research | Double-Bit Axe |
| 18:39 | Create | Villager (Male) |
| 18:40 | Create | Villager (Male) |
| 18:44 | Build | House |
| 19:02 | Create | Villager (Male) |
| 19:09 | Research | Horse Collar |
| 19:15 | Build | Stone Wall |
| 19:21 | Build | Farm |
| 19:23 | Build | Farm |
| 19:31 | Build | Farm |
| 19:37 | Build | Farm |
| 20:00 | Create | Villager (Male) |
| 20:00 | Create | Villager (Male) |
| 20:04 | Build | Archery Range |
| 20:28 | Build | Mining Camp |
| 20:35 | Build | House |
| 20:50 | Create | Archer |
| 20:51 | Create | Archer |
| 21:01 | Create | Villager (Male) |
| 21:11 | Create | Villager (Male) |
| 21:26 | Build | Blacksmith |
| 21:34 | Build | Farm |
| 21:37 | Create | Archer |
| 21:44 | Create | Villager (Male) |
| 21:52 | Build | House |
| 22:10 | Create | Villager (Male) |
| 22:58 | Research | Castle Age |
| 22:58 | Research | Castle Age |
| 22:58 | Research | Castle Age |
| 23:02 | Build | House |
| 23:04 | Build | House |
| 23:05 | Build | House |
| 23:26 | Build | Mining Camp |
| 23:30 | Build | Lumber Camp |
| 23:37 | Build | Farm |
| 23:39 | Build | Farm |
| 23:43 | Research | Gold Mining |
| 23:46 | Create | Archer |
| 23:47 | Create | Archer |
| 23:47 | Create | Archer |
| 24:10 | Create | Archer |
| 24:11 | Create | Archer |
| 24:11 | Create | Archer |
| 24:12 | Create | Archer |
| 24:12 | Create | Archer |
| 24:20 | Create | Archer |
| 24:36 | Build | Outpost |
| 24:37 | Build | Outpost |
| 24:42 | Research | Fletching |
| 24:44 | Create | Archer |
| 25:01 | Create | Villager (Male) |
| 25:01 | Create | Villager (Male) |
| 25:09 | Create | Spearman |
| 25:14 | Build | Watch Tower |
| 25:27 | Create | Spearman |
| 25:34 | Create | Archer |
| 25:34 | Create | Archer |
| 25:37 | Age | Castle Age |
| 25:41 | Research | Bodkin Arrow |
| 25:42 | Create | Archer |
| 25:43 | Create | Archer |
| 25:46 | Create | Spearman |
| 25:46 | Create | Spearman |
| 25:47 | Create | Spearman |
| 26:00 | Create | Spearman |
| 26:03 | Build | Monastery |
| 26:32 | Create | Monk |
| 26:34 | Create | Villager (Male) |
| 26:34 | Create | Villager (Male) |
| 26:46 | Build | Mining Camp |
| 26:53 | Build | Farm |
| 27:03 | Build | Siege Workshop |
| 27:06 | Create | Villager (Male) |
| 27:13 | Build | House |
| 27:24 | Build | House |
Match timeline
| 2:02 | Savage · wall_segment Palisade Wall x1 |
| 2:04 | Savage · wall_segment Palisade Wall x1 |
| 2:46 | Savage · wall_segment Palisade Wall x1 |
| 4:44 | Macuahuitil_MX · wall_segment Palisade Wall x1 |
| 11:21 | Savage · wall_segment Palisade Wall x9 |
| 12:58 | Macuahuitil_MX · wall_segment Palisade Wall x1 |
| 13:01 | Macuahuitil_MX · wall_segment Palisade Wall x1 |
| 14:37 | Macuahuitil_MX · wall_segment Palisade Wall x1 |
| 14:38 | Macuahuitil_MX · wall_segment Palisade Wall x1 |
| 15:11 | Macuahuitil_MX · wall_segment Palisade Wall x1 |
| 15:14 | Macuahuitil_MX · wall_segment Palisade Wall x1 |
| 15:15 | Macuahuitil_MX · wall_segment Palisade Wall x1 |
| 15:32 | Macuahuitil_MX · wall_segment Palisade Wall x1 |
| 16:59 | Savage · first_building Barracks |
| 17:26 | Savage · age_up feudal |
| 18:00 | Macuahuitil_MX · wall_segment Palisade Wall x7 |
| 18:20 | Macuahuitil_MX · wall_segment Palisade Wall x1 |
| 18:31 | Macuahuitil_MX · wall_segment Palisade Wall x1 |
| 18:34 | Macuahuitil_MX · wall_segment Palisade Wall x1 |
| 18:36 | Macuahuitil_MX · wall_segment Palisade Wall x1 |
| 18:54 | Macuahuitil_MX · wall_segment Palisade Wall x1 |
| 19:08 | Macuahuitil_MX · age_up feudal |
| 19:15 | Savage · wall_segment Stone Wall x7 |
| 19:58 | Macuahuitil_MX · wall_segment Stone Wall x1 |
| 20:04 | Savage · first_building Archery Range |
| 20:38 | Macuahuitil_MX · wall_segment Stone Wall x1 |
| 20:39 | Macuahuitil_MX · wall_segment Stone Wall x1 |
| 20:40 | Macuahuitil_MX · wall_segment Stone Wall x1 |
| 20:40 | Macuahuitil_MX · wall_segment Stone Wall x1 |
| 20:41 | Macuahuitil_MX · wall_segment Stone Wall x1 |
| 20:47 | Macuahuitil_MX · wall_segment Stone Wall x1 |
| 20:47 | Macuahuitil_MX · wall_segment Palisade Wall x1 |
| 20:49 | Macuahuitil_MX · wall_segment Stone Wall x1 |
| 20:53 | Macuahuitil_MX · wall_segment Stone Wall x1 |
| 20:55 | Macuahuitil_MX · wall_segment Stone Wall x1 |
| 21:45 | Macuahuitil_MX · first_market_buy 100 food |
| 21:46 | Macuahuitil_MX · first_market_sell 100 wood |
| 21:56 | Macuahuitil_MX · wall_segment Stone Wall x1 |
| 22:44 | Macuahuitil_MX · first_building Barracks |
| 23:33 | Macuahuitil_MX · first_building Stable |
| 24:29 | Macuahuitil_MX · age_up castle |
| 25:12 | Macuahuitil_MX · first_building Castle |
| 25:37 | Savage · age_up castle |
| 26:03 | Savage · first_building Monastery |
| 27:03 | Savage · first_building Siege Workshop |
| 27:31 | Macuahuitil_MX · resign |
[ AI ANALYSIS · 1 CREDIT ]
What really happened in this match?
Wolo.gg analyzes every decision: build order, eco, micro, common mistakes by bracket. Personalized analysis on WhatsApp or Discord in 30 seconds.
Civ guide
Spanish
Perfil
Macuahuitil_MX